 Dungeon Crawl Stone Soup version 0.21-a0-529-g8c7b3f5 (webtiles) character file.

8450 Lanoc the Grappler (level 11, -5/107 HPs)
             Began as a Troll Monk on Dec 9, 2017.
             Was a Priest of Wu Jian.
             Slain by a wraith (10 damage)
             ... led by Josephine
             ... on level 11 of the Dungeon.
             The game lasted 00:33:19 (8199 turns).

Lanoc the Grappler (Troll Monk)                     Turns: 8199, Time: 00:33:21

Health: -5/107     AC:  9    Str: 28    XL:     11   Next: 10%
Magic:  10/10      EV: 13    Int:  6    God:    Wu Jian [***...]
Gold:   664        SH:  0    Dex: 15    Spells: 6/10 levels left

rFire    . . .     SeeInvis +     - Unarmed
rCold    + . .     Gourm    +   (no shield)
rNeg     . . .     Faith    .   y - +2 robe {rC+}
rPois    .         Spirit   .   (helmet restricted)
rElec    .         Reflect  .   q - +1 cloak
rCorr    .         Harm     .   (gloves unavailable)
MR       .....                  (boots unavailable)
Stlth    +.........             (no amulet)
HPRegen  0.67/turn              J - +2 ring of strength
MPRegen  0.12/turn              E - ring of see invisible

@: mighty, about to teleport, slowed, drained, very slow
A: large, unfitting armour, claws 3, fast metabolism 3, gourmand, regeneration
1, shaggy fur 1, tough skin 2
a: Serpent's Lash, Renounce Religion


You were on level 11 of the Dungeon.
You worshipped Wu Jian.
Wu Jian was most pleased with you.
You were not hungry.

You visited 2 branches of the dungeon, and saw 12 of its levels.

You collected 664 gold pieces.

Inventory:

Missiles
 c - 7 tomahawks
 e - 7 javelins (quivered)
 A - a throwing net
Armour
 q - a +1 cloak (worn)
 y - a +2 robe of cold resistance (worn)
Jewellery
 r - an uncursed ring of fire
 E - a ring of see invisible (right claw)
 G - an uncursed amulet of faith
 J - a +2 ring of strength (left claw)
Wands
 m - a wand of digging (15)
 s - a wand of iceblast (5)
 u - a wand of enslavement (6)
 v - a wand of paralysis (13)
 F - a wand of polymorph (17)
Scrolls
 d - 2 scrolls of enchant armour
 j - 3 scrolls of magic mapping
 k - 2 scrolls of fear
 l - 3 scrolls of remove curse
 n - 2 scrolls of fog
 o - 3 scrolls of identify
 p - 5 scrolls of teleportation
 w - 3 scrolls of blinking
 C - a scroll of immolation
Potions
 f - 5 potions of invisibility
 g - 2 potions of might
 h - a potion of haste
 t - 4 potions of curing
 x - 3 potions of lignification
 z - 2 potions of degeneration {unknown}
 B - 4 potions of magic
 D - 2 potions of brilliance {unknown}
 H - a potion of cancellation {unknown}
 K - a potion of flight {unknown}
Books
 I - a book of Geomancy

   Spells                             Type                      Level
   a - Sandblast                      Earth                        1
   b - Passwall                       Transmutation/Earth          2
   c - Stone Arrow                    Conjuration/Earth            3
   d - Petrify                        Transmutation/Earth          4
   e - Lee's Rapid Deconstruction     Earth                        5
Comestibles
 a - 5 royal jellies
 b - 10 bread rations
 i - 4 meat rations


   Skills:
 + Level 6.7(5.5) Fighting
 + Level 6.7(5.6) Throwing
 + Level 6.7(5.6) Dodging
 - Level 1.0(0.0) Stealth
 * Level 11.0(9.7) Unarmed Combat
 + Level 3.7(2.7) Earth Magic


You had 6 spell levels left.
You knew the following spells:

 Your Spells              Type           Power        Failure   Level  Hunger
a - Sandblast             Erth           #.....       16%         1    ##.....
b - Stone Arrow           Conj/Erth      #.....       65%         3    ####...


Dungeon Overview and Level Annotations

Branches:
Dungeon (11/15)            Temple (1/1) D:5            Lair (0/6) D:8
    Orc: D:9-12

Altars:
Ashenzari
Cheibriados
Dithmenos
Elyvilon
Fedhas
Gozag
Hepliaklqana
Kikubaaqudgha
Makhleb
Nemelex Xobeh
Okawaru
Qazlal
Ru
Sif Muna
Trog
Uskayaw
Vehumet
Wu Jian
Xom
Yredelemnul
Zin
The Shining One

Shops:
D:5 *   D:8 *

Annotations:
D:11 Josephine


Innate Abilities, Weirdness & Mutations

You are too large for most types of armour.
You have claws for hands.
Your metabolism is lightning-fast.
You like to eat raw meat.
Your natural rate of healing is unusually fast.
You are covered in fur. (AC +1)
You have very tough skin. (AC +2)


Message History

The wraith completely resists.
The wraith closely misses you. x2
You feel better. The wraith hits you!
* * * LOW HITPOINT WARNING * * *
The wraith drains your vigour!
You feel as though you will be slow longer.
The wraith barely misses you. Josephine hits you with a dagger.
* * * LOW HITPOINT WARNING * * *
The wraith barely misses you. x2; The wraith hits you.
* * * LOW HITPOINT WARNING * * *
A crimson imp opens the door.
The wraith hits you.
* * * LOW HITPOINT WARNING * * *
The wraith drains your vigour!
You feel as though you will be slow longer.
As you read the scroll of teleportation, it crumbles to dust.
You feel strangely unstable. The wraith closely misses you.
The wraith hits you.
* * * LOW HITPOINT WARNING * * *
Josephine barely misses you. The wraith completely misses you.
The wraith hits you!
You die...

####+### ###+####
###......# #......###
..#......# #......'5
#.#......# ###......#
#.#......####.'......#
#.#......##...#WW@...#
#.#......##.###W@W...#
#.'......'..#
###W#######
###......####
#.......# #####'##
##########'## #....#
#........<..# #.####
#####.#.###.#
####+#########...#.#.#
#.#
#.........##.'.#.###.#
#.#
#.........##.#.......#
#.#


You could see Josephine, 5 wraiths and a crimson imp.

Vanquished Creatures
  Erica (D:8)
  A two-headed ogre (D:7)
  An unseen horror (D:10)
  Pikel (D:4)
  Joseph (D:8)
  Maurice (D:8)
  A gargoyle (D:10)
  A centaur skeleton (D:10)
  A komodo dragon (D:8)
  2 trolls
  The ghost of Lanoc the Slasher, an amateur GnCK of Xom (D:4)
  A hippogriff (D:9)
  The ghost of kiturien the Stinger, an amateur OpVM (D:3)
  A wraith (D:10)
  A spriggan (D:7)
  Grum (D:9)
  2 hungry ghosts
  Menkaure (D:4)
  Edmund (D:4)
  A black bear (D:8)
  4 sky beasts
  An ice beast (D:5)
  3 phantoms
  2 centaurs
  An ogre (D:10)
  3 wolves
  Blork the orc (D:4)
  3 bullfrogs
  A wyvern skeleton (D:8)
  4 killer bees (D:10)
  3 crimson imps
  4 hounds
  A bullfrog zombie (D:5)
  2 jellies
  5 orc priests
  A gnoll shaman (D:8)
  3 iguanas
  7 worker ants
  4 orc wizards
  4 gnolls (D:8)
  A howler monkey skeleton (D:4)
  10 adders
  A shadow imp (D:5)
  2 adder skeletons
  2 dart slugs
  5 leopard geckos
  19 orcs
  A bat (D:3)
  7 giant cockroaches
  3 goblins
  7 hobgoblins
  8 jackals
  A quokka (D:8)
  3 ball pythons
  2 frilled lizards (D:3)
  8 kobolds
  A leopard gecko skeleton (D:4)
  A quokka skeleton (D:4)
  6 rats
167 creatures vanquished.

Vanquished Creatures (others)
  2 plants (D:8)
2 creatures vanquished.

Grand Total: 169 creatures vanquished

Notes
Turn   | Place    | Note
-------+----------+-------------------------------------------
     0 | D:1      | Lanoc the Troll Monk began the quest for the Orb.
     0 | D:1      | Reached XP level 1. HP: 22/22 MP: 0/0
   388 | D:1      | Reached XP level 2. HP: 21/29 MP: 1/1
   759 | D:2      | Reached XP level 3. HP: 36/36 MP: 2/2
   891 | D:2      | Found a sacrificial altar of Ru.
   894 | D:2      | Found a deep blue altar of Sif Muna.
   906 | D:2      | Found a white marble altar of Elyvilon.
   909 | D:2      | Found a hazy altar of Hepliaklqana.
  1294 | D:3      | Reached skill level 1 in Throwing
  1414 | D:3      | Noticed kiturien's ghost (amateur OpVM)
  1429 | D:3      | Killed kiturien's ghost
  1429 | D:3      | Reached skill level 4 in Unarmed Combat
  1429 | D:3      | Reached XP level 4. HP: 23/45 MP: 3/3
  1429 | D:3      | Reached XP level 5. HP: 27/53 MP: 4/4
  2015 | D:4      | Noticed Edmund
  2016 | D:4      | Noticed Lanoc's ghost (amateur GnCK)
  2023 | D:4      | Noticed Blork the orc
  2039 | D:5      | Entered Level 5 of the Dungeon
  2090 | D:5      | Reached XP level 6. HP: 48/61 MP: 5/5
  2193 | D:5      | Found Ducvaor's Assorted Antiques.
  2206 | D:5      | Reached skill level 5 in Unarmed Combat
  2304 | D:5      | Noticed a sky beast
  2323 | D:5      | Killed a sky beast
  2323 | D:5      | Reached XP level 7. HP: 50/67 MP: 6/6
  2487 | D:5      | Found a staircase to the Ecumenical Temple.
  2502 | Temple   | Entered the Ecumenical Temple
  2724 | D:5      | Reached skill level 6 in Unarmed Combat
  3034 | D:4      | Noticed Pikel
  3049 | D:4      | Killed Pikel
  3049 | D:4      | Reached XP level 8. HP: 50/78 MP: 7/7
  3303 | D:4      | Killed Blork the orc
  3303 | D:4      | Reached skill level 7 in Unarmed Combat
  3373 | D:4      | Killed Lanoc's ghost
  3482 | D:4      | Killed Edmund
  3614 | D:4      | Noticed Menkaure
  3621 | D:4      | Killed Menkaure
  4319 | D:6      | Reached skill level 8 in Unarmed Combat
  4753 | D:7      | Found an ornate altar of the Wu Jian Council.
  4761 | D:7      | Became a worshipper of the Wu Jian Council
  4761 | D:7      | Reached * piety under Wu Jian
  4761 | D:7      | Reached ** piety under Wu Jian
  4792 | D:7      | Reached skill level 5 in Dodging
  4792 | D:7      | Reached XP level 9. HP: 87/87 MP: 8/8
  4799 | D:7      | Reached skill level 5 in Fighting
  4959 | D:7      | Noticed a two-headed ogre
  4967 | D:7      | Killed a two-headed ogre
  4967 | D:7      | Reached skill level 5 in Throwing
  5094 | D:7      | Reached skill level 9 in Unarmed Combat
  5106 | D:7      | Learned a level 1 spell: Sandblast
  5110 | D:7      | Learned a level 3 spell: Stone Arrow
  5286 | D:8      | Noticed Maurice
  5299 | D:8      | Killed Maurice
  5303 | D:8      | Reached skill level 1 in Earth Magic
  5307 | D:8      | Noticed a troll
  5316 | D:8      | Killed a troll
  5349 | D:8      | Noticed Joseph
  5359 | D:8      | Killed Joseph
  5359 | D:8      | Reached XP level 10. HP: 44/98 MP: 9/9
  5472 | D:8      | Found Satos's Changing Room.
  5594 | D:8      | Noticed Erica
  5596 | D:8      | Found a glowing golden altar of the Shining One.
  5609 | D:8      | Killed Erica
  5714 | D:8      | Found a glowing silver altar of Zin.
  5759 | D:8      | Reached skill level 10 in Unarmed Combat
  5763 | D:8      | Reached *** piety under Wu Jian
  5864 | D:8      | Found a staircase to the Lair.
  6634 | D:9      | Noticed Grum
  6652 | D:9      | Killed Grum
  6661 | D:9      | HP: 3/98 [hippogriff (7)]
  7381 | D:10     | Entered Level 10 of the Dungeon
  7479 | D:10     | Noticed a gargoyle
  7487 | D:10     | Killed a gargoyle
  7780 | D:10     | Noticed an unseen horror
  7782 | D:10     | Killed an unseen horror
  7782 | D:10     | Reached XP level 11. HP: 107/107 MP: 10/10
  8137 | D:11     | Reached skill level 11 in Unarmed Combat
  8192 | D:11     | Noticed Josephine
  8199 | D:11     | HP: 5/107 [wraith[Josephine] (2)]
  8199 | D:11     | Slain by a wraith

Vault maps used:
D:1:      minmay_arrival_checkered_box, minmay_misc_feat_x,
          serial_bayou_crossing
D:2:      grunt_temple_overflow_cloverleaf
D:3:      kennysheep_cluttered_room, serial_park_tiny_1
D:4:      uniq_edmund, uniq_blork_the_orc, uniq_pikel, uniq_menkaure
D:5:      temple_green, serial_shops, shop, first_bread
D:7:      lemuel_doored_altar, the_bakery
D:8:      zin_treasury, david_lair_shrubbed, basic_altar,
          nicolae_transmutations_shop, uniq_erica, uniq_joseph, uniq_maurice
D:9:      kennysheep_small_circle, uniq_grum
D:11:     erik_orc_1, serial_shops, nicolae_shop_waterfront, uniq_josephine
Temple:   lightli_temple_of_artemis

Skill      XL: |  1  2  3  4  5  6  7  8  9 10 11 |
---------------+----------------------------------+-----
Throwing       | 2 3 4 5 6 |  6.7
Fighting       | 3 4 5 6 |  6.7
Dodging        | 3 4 5 6 |  6.7
Unarmed Combat | 4 5 6 8 9 10 11 | 11.0
Earth Magic    | 1 3 |  3.7
Stealth        | |  1.0

Action                   |  1- 3 |  4- 6 |  7- 9 | 10-12 || total
-------------------------+-------+-------+-------+-------++-------
Melee: Unarmed           |   104 |    72 |   208 |   213 ||   597
       Punch             |     1 |     2 |     8 |    12 ||    23
       Staff             |       |       |       |     5 ||     5
Throw: Javelin           |       |       |       |    13 ||    13
       Tomahawk          |       |       |       |     8 ||     8
  Use: Scroll            |       |       |       |    20 ||    20
       Potion            |       |       |       |     6 ||     6
 Stab: Sleeping          |     4 |     2 |     7 |     2 ||    15
  Eat: Chunk             |    19 |     7 |    24 |    25 ||    75
       Fruit             |       |       |     5 |     2 ||     7
Armor: Robe              |    32 |    19 |    47 |    54 ||   152
Dodge: Dodged            |    49 |    30 |    83 |   135 ||   297

Table legend:
 A = Spawn XP
 B = Non-spawn XP
 C = Spawn XP percentage of total XP
 D = Spawn monster count
 E = Non-spawn monster count
 F = Spawn count percentage of total count
 G = Total turns spent on level
                    A         B        C        D         E        F      G
               +---------+---------+-------+---------+---------+-------+---------
         Total |       0 |   12072 |   0.0 |       0 |     167 |   0.0 |  8199
               +---------+---------+-------+---------+---------+-------+---------
           D:1 |       0 |      20 |   0.0 |       0 |      11 |   0.0 |   489
           D:2 |       0 |      27 |   0.0 |       0 |      10 |   0.0 |   673
           D:3 |       0 |     307 |   0.0 |       0 |      20 |   0.0 |   813
           D:4 |       0 |    1385 |   0.0 |       0 |      14 |   0.0 |  1034
           D:5 |       0 |     682 |   0.0 |       0 |      24 |   0.0 |   768
           D:6 |       0 |     346 |   0.0 |       0 |       7 |   0.0 |   789
           D:7 |       0 |    1461 |   0.0 |       0 |      15 |   0.0 |   600
           D:8 |       0 |    3390 |   0.0 |       0 |      30 |   0.0 |  1316
           D:9 |       0 |    1566 |   0.0 |       0 |      17 |   0.0 |   779
          D:10 |       0 |    2630 |   0.0 |       0 |      17 |   0.0 |   666
          D:11 |       0 |     258 |   0.0 |       0 |       2 |   0.0 |   152
               +---------+---------+-------+---------+---------+-------+---------
